 Dungeon Crawl Stone Soup version 0.23.2-40-g277498a001 (webtiles) character file.

Game seed: 16925163511286585501

9679 Kikorro the Cleaver (level 11, -11/97 HPs)
             Began as a Minotaur Fighter on Sept 1, 2019.
             Was a High Priest of Okawaru.
             Mangled by an ettin
             ... wielding a +0 dire flail
              (34 damage)
             ... on level 9 of the Dungeon.
             The game lasted 00:33:15 (7995 turns).

Kikorro the Cleaver (Minotaur Fighter)              Turns: 7995, Time: 00:33:15

Health: -11/97     AC: 27    Str: 24    XL:     11   Next: 26%
Magic:  20/21      EV: 13    Int: 10    God:    Okawaru [*****.]
Gold:   511        SH:  9    Dex: 10    Spells: 10/10 levels left

rFire    . . .     SeeInvis .   a - +0 war axe
rCold    . . .     Gourm    .   m - +3 buckler
rNeg     . . .     Faith    .   i - +0 chain mail
rPois    .         Spirit   .   J - +3 hat of Pondering {ponderous, MR+ MP+10 Int+5}
rElec    .         Reflect  .   L - +0 cloak
rCorr    .         Harm     .   k - +0 pair of gloves
MR       +....                  g - +1 pair of boots
Stlth    ..........             N - amulet of rage
HPRegen  0.26/turn              l - +5 ring of protection
MPRegen  0.17/turn              b - +3 ring of slaying

@: heroism, slow
A: retaliatory headbutt, horns 2
a: Heroism, Finesse, Renounce Religion, Evoke Berserk Rage


You were on level 9 of the Dungeon.
You worshipped Okawaru.
Okawaru was extremely pleased with you.
You were very hungry.

You visited 2 branches of the dungeon, and saw 10 of its levels.

You collected 511 gold pieces.

Inventory:

Hand Weapons
 a - a +0 war axe (weapon)
Missiles
 r - 64 bolts
Armour
 g - a +1 pair of boots (worn)
 i - a +0 chain mail (worn)
 k - a +0 pair of gloves (worn)
 m - a +3 buckler (worn)
 J - the +3 hat of Pondering (worn) {ponderous, MR+ MP+10 Int+5}
   (You took it off Gastronok on level 8 of the Dungeon)

   It affects your intelligence (+5).
   It affects your resistance to hostile enchantments.
   It affects your magic capacity (+10).
 L - a +0 cloak (worn)
Jewellery
 b - a +3 ring of slaying (right hand)
 l - a +5 ring of protection (left hand)
 t - an uncursed amulet of regeneration
 C - an uncursed ring of resist corrosion
 F - a +2 ring of evasion
 I - an uncursed ring of protection from fire
 N - an amulet of rage (around neck)
Wands
 s - a wand of acid (14)
 v - a wand of polymorph (9)
 z - a wand of iceblast (6)
 G - a wand of digging (7)
 K - a wand of paralysis (7)
Scrolls
 c - a scroll of fog
 h - a scroll of enchant armour
 n - 2 scrolls of teleportation {unknown}
 p - 2 scrolls of blinking
 q - a scroll of fear {unknown}
 x - 2 scrolls of amnesia {unknown}
 y - a scroll of immolation
 A - 4 scrolls of remove curse
 B - a scroll of brand weapon {unknown}
 H - a scroll of enchant weapon {unknown}
 O - a scroll of silence {unknown}
Potions
 d - 2 potions of might
 e - 3 potions of haste
 j - a potion of flight {unknown}
 o - a potion of resistance
 u - 4 potions of curing
 w - a potion of agility
 D - 2 potions of cancellation
 M - a potion of lignification {unknown}
Miscellaneous
 E - a box of beasts
Comestibles
 f - 24 rations


   Skills:
 + Level 9.5(14.5) Fighting
 + Level 14.0(19.0) Axes
 + Level 10.1(15.1) Armour
 + Level 5.2(10.2) Dodging
 - Level 0.4(5.4) Stealth
 - Level 6.9(11.9) Shields
 + Level 1.3 Invocations


You had 10 spell levels left.
You didn't know any spells.
Your spell library contained the following spells:

 Spells                   Type           Power        Failure   Level  Hunger
 Animate Skeleton         Necr           N/A          83%         1    ##.....
 Beastly Appendage        Tmut           #.....       83%         1    ##.....
 Pain                     Necr           #...         83%         1    ##.....
 Sandblast                Erth           #.....       83%         1    ##.....
 Blink                    Tloc           N/A          93%         2    ###....
 Passwall                 Tmut/Erth      #.......     93%         2    ###....
 Slow                     Hex            #.......     93%         2    ###....
 Sticks to Snakes         Tmut           #.......     93%         2    ###....
 Lesser Beckoning         Tloc           #.........   99%         3    ####...
 Recall                   Summ/Tloc      N/A          99%         3    ####...
 Regeneration             Chrm/Necr      #.........   99%         3    ####...
 Spectral Weapon          Hex/Chrm       #.......     99%         3    ####...
 Spider Form              Tmut/Pois      #.........   99%         3    ####...
 Stone Arrow              Conj/Erth      #.....       99%         3    ####...
 Vampiric Draining        Necr           #.........   99%         3    ####...
 Airstrike                Air            #.........   100%        4    #####..
 Animate Dead             Necr           N/A          100%        4    #####..
 Cause Fear               Hex            #.........   100%        4    #####..
 Ice Form                 Ice/Tmut       #.......     100%        4    #####..
 Petrify                  Tmut/Erth      #.......     100%        4    #####..
 Blade Hands              Tmut           #.........   100%        5    ######.
 Lee's Rapid Deconstruct  Erth           #.........   100%        5    ######.
 Conjure Ball Lightning   Conj/Air       #.........   100%        6    #######
 Deflect Missiles         Chrm/Air       #.........   100%        6    #######
 Freezing Cloud           Conj/Ice/Air   #.........   100%        6    #######
 Haunt                    Necr/Summ      #.........   100%        7    #######
 Malign Gateway           Summ/Tloc      #.........   100%        7    #######
 Monstrous Menagerie      Summ           #.........   100%        7    #######
 Summon Greater Demon     Summ           #.........   100%        7    #######
 Borgnjor's Revivificati  Necr           #.........   100%        8    #######
 Death's Door             Chrm/Necr      #.........   100%        8    #######
 Infestation              Necr           #.........   100%        8    #######
 Necromutation            Tmut/Necr      #.........   100%        8    #######
 Summon Horrible Things   Summ           #.........   100%        8    #######


Dungeon Overview and Level Annotations

Branches:
Dungeon (9/15)             Temple (0/1) D:4             Orc (1/2) D:9
   Lair: D:8-11

Altars:
Fedhas
Okawaru
Qazlal
Trog
Vehumet
Yredelemnul

Shops:
D:8 [


Innate Abilities, Weirdness & Mutations

You reflexively headbutt those who attack you in melee.
You have a pair of horns on your head.


Message History

The orc high priest is severely wounded.
You hit the ettin.
You hit the chaos spawn but do no damage.
You block the ettin's attack. The ettin hits you but does no damage.
The chaos spawn gores you but does no damage.
You closely miss the orc high priest. You headbutt the orc high priest.
The orc high priest is almost dead.
You hit the chaos spawn but do no damage.
You hit the ettin.
The orc high priest hits you but does no damage.
You slash the orc high priest!
You kill the orc high priest!
Okawaru is honoured by your kill.
The chaos spawn degenerates into a cloud of primal chaos!
Your base Axes skill increases to level 14!
You hit the ettin but do no damage.
The ettin hits you but does no damage. x2
You hit the ettin but do no damage. You headbutt the ettin.
The ettin is severely wounded.
The ettin hits you with a +0 dire flail!!
You die...

...........................##..##
.......#........#.......#...#.#..
.......#.....##.##......#........
................#................
.............(..).......##.#....#
.............(.###.....##..#.....
.......>.......##..#......>......
...............C...##......###..#
........<.###..)@...#......###...
..........####..#ยง..#.......####.
.........)#.#.......#.#..........
.......##.............##.........
.#....###.............#<.........
##.....#..................##.....
....#.....................##.....
....####.).#..............##.#)..
.....# ##.###(..#............#.##


You could see an ettin.

Vanquished Creatures
  Gastronok (D:8)
  Harold (D:7)
  A two-headed ogre (D:8)
  An orc high priest (D:9)
  Maurice (D:8)
  2 hippogriffs (D:7)
  A yak (D:7)
  A hungry ghost (D:8)
  Menkaure (D:5)
  2 steam dragons (D:8)
  A water moccasin (D:8)
  2 black bears
  3 phantoms
  An ice beast (D:7)
  6 orc warriors
  A sky beast (D:7)
  3 ogres
  2 bullfrogs
  A wyvern zombie (D:9)
  A water moccasin zombie (D:7)
  2 scorpions
  15 killer bees
  9 wights
  6 howler monkeys
  2 crimson imps
  A centaur zombie (D:6)
  A quasit (D:7)
  5 jellies
  4 orc priests
  Crazy Yiuf (D:6)
  4 hounds
  8 orc wizards
  3 iguanas
  5 worker ants
  A killer bee zombie (D:5)
  A hound zombie (D:9)
  A hound skeleton (D:5)
  A worker ant zombie (D:9)
  A howler monkey zombie (D:5)
  10 gnolls
  A howler monkey skeleton (D:7)
  19 adders
  A shadow imp (D:7)
  5 oozes (D:8)
  An adder skeleton (D:4)
  2 worms (D:3)
  3 dart slugs
  7 leopard geckos
  25 orcs
  2 ball pythons
  6 giant cockroaches
  9 goblins
  5 hobgoblins
  3 jackals (D:4)
  10 kobolds
  6 quokkas
  3 bats
  4 frilled lizards (D:2)
  A jackal skeleton (D:7)
  12 rats
239 creatures vanquished.

Vanquished Creatures (others)
  3 orcs
3 creatures vanquished.

Grand Total: 242 creatures vanquished

Notes
Turn   | Place    | Note
-------+----------+-------------------------------------------
     0 | D:1      | Kikorro the Minotaur Fighter began the quest for the Orb.
     0 | D:1      | Reached XP level 1. HP: 19/19 MP: 0/0
   246 | D:1      | Reached XP level 2. HP: 27/27 MP: 1/1
  1042 | D:2      | Reached XP level 3. HP: 17/33 MP: 2/2
  1050 | D:2      | Reached skill level 3 in Axes
  1388 | D:2      | Reached XP level 4. HP: 40/40 MP: 3/3
  1946 | D:3      | Reached skill level 1 in Dodging
  2211 | D:3      | Reached skill level 4 in Axes
  2232 | D:3      | Reached XP level 5. HP: 47/47 MP: 4/4
  2404 | D:3      | Found a bloodstained altar of Trog.
  2835 | D:4      | Noticed an orc warrior
  2858 | D:4      | Killed an orc warrior
  2858 | D:4      | Reached XP level 6. HP: 32/53 MP: 5/5
  2935 | D:4      | Reached skill level 5 in Axes
  2982 | D:4      | Found a staircase to the Ecumenical Temple.
  3002 | D:5      | Entered Level 5 of the Dungeon
  3002 | D:5      | Found a blossoming altar of Fedhas.
  3016 | D:5      | Reached skill level 5 in Armour
  3016 | D:5      | Reached skill level 5 in Shields
  3067 | D:5      | Reached skill level 6 in Axes
  3070 | D:5      | Reached XP level 7. HP: 14/60 MP: 6/6
  3388 | D:4      | Reached skill level 5 in Fighting
  3502 | D:4      | Found a basalt altar of Yredelemnul.
  3503 | D:4      | Found an iron altar of Okawaru.
  3504 | D:4      | Found a radiant altar of Vehumet.
  3528 | D:4      | Became a worshipper of Warmaster Okawaru
  3947 | D:5      | Reached skill level 7 in Axes
  4356 | D:5      | Noticed Menkaure
  4364 | D:5      | Killed Menkaure
  4364 | D:5      | Reached XP level 8. HP: 15/68 MP: 7/7
  4698 | D:6      | Reached skill level 8 in Axes
  4754 | D:6      | Found a runed translucent door.
  4755 | D:6      | Noticed Crazy Yiuf
  4800 | D:6      | Reached * piety under Okawaru
  5132 | D:6      | Found a stormy altar of Qazlal.
  5376 | D:6      | Noticed an air elemental
  5429 | D:6      | Killed Crazy Yiuf
  5464 | D:7      | Noticed Harold
  5561 | D:7      | Reached skill level 9 in Axes
  5719 | D:7      | Reached ** piety under Okawaru
  5732 | D:7      | Reached XP level 9. HP: 56/77 MP: 8/8
  5849 | D:7      | Reached skill level 10 in Axes
  5911 | D:7      | Identified Ytzydame's Incunabulum of Air and Orientation
  5913 | D:7      | Identified the Almanac of the Assorted Ghosts
  5971 | D:7      | Killed Harold
  5971 | D:7      | Reached *** piety under Okawaru
  5971 | D:7      | Reached skill level 11 in Axes
  6284 | D:8      | Reached XP level 10. HP: 76/86 MP: 9/9
  6314 | D:8      | Noticed Gastronok
  6357 | D:8      | Killed Gastronok
  6357 | D:8      | Reached **** piety under Okawaru
  6357 | D:8      | Reached skill level 12 in Axes
  6476 | D:8      | Reached skill level 1 in Invocations
  6512 | D:8      | Reached skill level 13 in Axes
  6544 | D:8      | Noticed a two-headed ogre
  6555 | D:8      | Killed a two-headed ogre
  6591 | D:8      | Noticed Maurice
  6621 | D:8      | Killed Maurice
  6621 | D:8      | Reached XP level 11. HP: 75/95 MP: 11/11
  6903 | D:8      | Found Pog Luv's Antique Armour Boutique.
  6986 | D:8      | Reached skill level 5 in Dodging
  7089 | D:9      | Found a staircase to the Orcish Mines.
  7102 | D:9      | Reached skill level 10 in Armour
  7110 | D:8      | Reached ***** piety under Okawaru
  7980 | Orc:1    | Entered Level 1 of the Orcish Mines
  7980 | Orc:1    | Noticed an ettin
  7980 | Orc:1    | Noticed an orc high priest
  7994 | D:9      | Killed an orc high priest
  7994 | D:9      | Reached skill level 14 in Axes
  7995 | D:9      | Mangled by an ettin

Skill      XL: |  1  2  3  4  5  6  7  8  9 10 11 |
---------------+----------------------------------+-----
Fighting       | 4 5 6 7 8 9 |  9.5
Armour         | 4 5 6 7 8 9 10 | 10.1
Shields        | 4 5 6 |  6.9
Axes           | 3 4 6 7 9 11 13 14 | 14.0
Dodging        | 1 2 3 4 5 |  5.2
Invocations    | 1 |  1.3
Stealth        | |  0.4

Action                   |  1- 3 |  4- 6 |  7- 9 | 10-12 || total
-------------------------+-------+-------+-------+-------++-------
Melee: War axe           |    62 |   186 |   336 |   240 ||   824
       Headbutt          |     4 |    34 |    63 |    52 ||   153
Invok: Heroism           |       |       |     1 |     3 ||     4
  Use: Scroll            |       |     5 |     7 |     1 ||    13
       Potion            |       |     2 |     1 |       ||     3
 Stab: Distracted        |       |       |     1 |       ||     1
  Eat: Chunk             |     1 |     6 |     8 |     6 ||    21
       Ration            |       |       |     1 |       ||     1
Armor: Scale mail        |    32 |    66 |    73 |       ||   171
       Chain mail        |       |       |   101 |   145 ||   246
Dodge: Dodged            |    23 |    69 |   126 |   119 ||   337
Block: Shield            |    35 |     5 |       |       ||    40
       Buckler           |       |    72 |   118 |    94 ||   284
